TOP OF THE 1ST |
Kansas City Royals batting - Pitching for Texas Rangers : RHP Lu-shan Zhào
|
Pitching: RHP Lu-shan Zhào
|
|
Batting: RHB Mike Jaquez
|
0-0: Ball 1-0: Called Strike 1-1: Foul Ball, location: 2F 1-2: Strikes out swinging
|
Batting: RHB Imbart Faber
|
0-0: Ball 1-0: Fly out, F7 (Flyball, 78S, EV 81.9 MPH)
|
Batting: LHB Manny Estrada
|
0-0: Swinging Strike 0-1: Ball 1-1: Swinging Strike 1-2: Ground out U3 (Groundball, 3, EV 83.8 MPH)
|
Top of the 1st over - 0 runs, 0 hits, 0 errors, 0 left on base; Kansas City 0 - Texas 0 |
BOTTOM OF THE 1ST |
Texas Rangers batting - Pitching for Kansas City Royals : LHP John Hall
|
Pitching: LHP John Hall
|
|
Batting: RHB David Casas
|
0-0: Called Strike 0-1: Swinging Strike 0-2: Ball 1-2: Ball 2-2: Foul Ball, location: 2F 2-2: Ball 3-2: Foul Ball, location: 2F 3-2: Foul Ball, location: 2F 3-2: Foul Ball, location: 2F 3-2: Base on Balls
|
Batting: SHB John Giesbrecht
|
0-0: Ball David Casas is caught stealing 2nd base 2-4 1-0: SINGLE (Line Drive, 6D, EV 101.9 MPH)
|
Batting: RHB Bert Clark
|
0-0: Foul Ball, location: 2F 0-1: Fielders Choice at 2nd, 5-4 (Groundball, 56S, EV 80.6 MPH)
|
Batting: RHB Casey Semenza
|
0-0: Ball 1-0: SINGLE (Line Drive, 78S, EV 91.2 MPH) Bert Clark to second Runner from 2nd tries for 3rd, SAFE, throw by LF made to third
|
Batting: SHB Vince Ealy
|
0-0: Ball 1-0: Called Strike Casey Semenza steals 2nd base 1-1: Ball 2-1: Ground out 5-3 (Groundball, 56S, EV 85.0 MPH)
|
Bottom of the 1st over - 0 runs, 2 hits, 0 errors, 2 left on base; Kansas City 0 - Texas 0 |
TOP OF THE 2ND |
Kansas City Royals batting - Pitching for Texas Rangers : RHP Lu-shan Zhào
|
Batting: LHB Zion Davidson
|
0-0: Called Strike 0-1: Foul Ball, location: 2F 0-2: Ball 1-2: Fly out, F6 (Flyball, 6D, EV 91.2 MPH)
|
Batting: RHB Adriaan Pieters
|
0-0: Ground out 6-3 (Groundball, 6, EV 88.1 MPH)
|
Batting: RHB Aaron Matthews
|
0-0: Ball 1-0: Ball 2-0: Ground out 6-3 (Groundball, 56D, EV 111.2 MPH)
|
Top of the 2nd over - 0 runs, 0 hits, 0 errors, 0 left on base; Kansas City 0 - Texas 0 |
BOTTOM OF THE 2ND |
Texas Rangers batting - Pitching for Kansas City Royals : LHP John Hall
|
Batting: LHB Cody Schumacher
|
0-0: Foul Ball, location: 2F 0-1: TRIPLE (Flyball, 9LD, EV 113.1 MPH)
|
Batting: LHB Johan de Vries
|
0-0: Ball 1-0: Called Strike 1-1: Foul Ball, location: 2F 1-2: Ball 2-2: Ground out 6-3 (Groundball, 6, EV 81.9 MPH) Cody Schumacher scores
|
Batting: RHB Zhao-ji Chi
|
0-0: Ball 1-0: Foul Ball, location: 2F 1-1: Ball 2-1: Foul Ball, location: 2F 2-2: Foul Ball, location: 2F 2-2: TRIPLE (Flyball, 89XD, EV 95.6 MPH)
|
Batting: RHB Alex Sandoval
|
0-0: Called Strike 0-1: Ball 1-1: Swinging Strike 1-2: Foul Ball, location: 2F 1-2: Strikes out swinging
|
Batting: RHB David Casas
|
0-0: Ball 1-0: Called Strike 1-1: Ball 2-1: Foul Ball, location: 2F 2-2: Foul Ball, location: 2F 2-2: Ball 3-2: Fly out, F8 (Line Drive, 8RM, EV 93.1 MPH)
|
Bottom of the 2nd over - 1 run, 2 hits, 0 errors, 1 left on base; Kansas City 0 - Texas 1 |
TOP OF THE 3RD |
Kansas City Royals batting - Pitching for Texas Rangers : RHP Lu-shan Zhào
|
Batting: RHB Emilio Gallegos
|
0-0: Ball 1-0: Ground out 6-3 (Groundball, 6, EV 105.0 MPH)
|
Batting: RHB Avery Maxwell
|
0-0: Ball 1-0: Called Strike 1-1: Ground out 4-3 (Groundball, 4, EV 106.9 MPH)
|
Batting: RHB Victor Moya
|
0-0: Ground out 4-3 (Groundball, 4, EV 101.9 MPH)
|
Top of the 3rd over - 0 runs, 0 hits, 0 errors, 0 left on base; Kansas City 0 - Texas 1 |
BOTTOM OF THE 3RD |
Texas Rangers batting - Pitching for Kansas City Royals : LHP John Hall
|
Batting: SHB John Giesbrecht
|
0-0: Called Strike 0-1: Ball 1-1: SOLO HOME RUN (Line Drive, 9LD, EV 96.9 MPH), Distance : 358 ft
|
Batting: RHB Bert Clark
|
0-0: Swinging Strike 0-1: Foul Ball, location: 2F 0-2: Ball 1-2: Foul Ball, location: 2F 1-2: Ball 2-2: Ball 3-2: Fly out, F9 (Line Drive, 9, EV 86.9 MPH)
|
Batting: RHB Casey Semenza
|
0-0: Ball 1-0: Ball 2-0: Fly out, F8 (Flyball, 78S, EV 97.5 MPH)
|
Batting: SHB Vince Ealy
|
0-0: Foul Ball, location: 2F 0-1: Ball 1-1: Called Strike 1-2: Ball 2-2: Foul Ball, location: 2F 2-2: Strikes out looking
|
Bottom of the 3rd over - 1 run, 1 hit, 0 errors, 0 left on base; Kansas City 0 - Texas 2 |
TOP OF THE 4TH |
Kansas City Royals batting - Pitching for Texas Rangers : RHP Lu-shan Zhào
|
Batting: RHB Mike Jaquez
|
0-0: Called Strike 0-1: Foul Ball, location: 2F 0-2: Strikes out swinging, 2-3 out at first.
|
Batting: RHB Imbart Faber
|
0-0: Called Strike 0-1: Ball 1-1: Ball 2-1: Ball 3-1: Foul Ball, location: 2F 3-2: Foul Ball, location: 2F 3-2: Base on Balls
|
Batting: LHB Manny Estrada
|
0-0: Ball 1-0: Called Strike Imbart Faber is caught stealing 2nd base 2-6 1-1: Ball 2-1: Ball 3-1: Base on Balls
|
Batting: LHB Zion Davidson
|
0-0: Ball 1-0: Fly out, F9 (Flyball, 89S, EV 76.9 MPH)
|
Top of the 4th over - 0 runs, 0 hits, 0 errors, 1 left on base; Kansas City 0 - Texas 2 |
BOTTOM OF THE 4TH |
Texas Rangers batting - Pitching for Kansas City Royals : LHP John Hall
|
Batting: LHB Cody Schumacher
|
0-0: Ball 1-0: Foul Ball, location: 2F 1-1: Ball 2-1: Fly out, F6 (Popup, 4MD, EV 68.1 MPH)
|
Batting: LHB Johan de Vries
|
0-0: Swinging Strike 0-1: Foul Ball, location: 2F 0-2: Ball 1-2: Ball 2-2: Strikes out looking
|
Batting: RHB Zhao-ji Chi
|
0-0: Called Strike 0-1: Fly out, F8 (Flyball, 8LXD, EV 97.5 MPH)
|
Bottom of the 4th over - 0 runs, 0 hits, 0 errors, 0 left on base; Kansas City 0 - Texas 2 |
TOP OF THE 5TH |
Kansas City Royals batting - Pitching for Texas Rangers : RHP Lu-shan Zhào
|
Batting: RHB Adriaan Pieters
|
0-0: Ball 1-0: SOLO HOME RUN (Flyball, 9LD, EV 93.8 MPH), Distance : 350 ft
|
Batting: RHB Aaron Matthews
|
0-0: SINGLE (Line Drive, 8LS, EV 92.5 MPH)
|
Batting: RHB Emilio Gallegos
|
0-0: Ball 1-0: Ball 2-0: Called Strike 2-1: Sac Bunt to 15 - play at first, batter OUT! 1-3 Aaron Matthews to second
|
Batting: RHB Avery Maxwell
|
0-0: Ball 1-0: Called Strike 1-1: Ball Aaron Matthews steals 3rd base 2-1: Ball 3-1: Foul Ball, location: 2F 3-2: Fly out, F1 (Line Drive, P, EV 70.6 MPH)
|
Batting: RHB Victor Moya
|
0-0: Called Strike 0-1: Called Strike 0-2: Foul Ball, location: 2F 0-2: Ball 1-2: Ball 2-2: Fly out, F8 (Flyball, 8RXD, EV 110.0 MPH)
|
Top of the 5th over - 1 run, 2 hits, 0 errors, 1 left on base; Kansas City 1 - Texas 2 |
BOTTOM OF THE 5TH |
Texas Rangers batting - Pitching for Kansas City Royals : LHP John Hall
|
Batting: RHB Alex Sandoval
|
0-0: Foul Ball, location: 2F 0-1: Swinging Strike 0-2: Ball 1-2: Ground out 2-3 (Groundball, 13S, EV 68.8 MPH)
|
Batting: RHB David Casas
|
0-0: Called Strike 0-1: Fly out, F3 (Popup, 23F, EV 85.6 MPH)
|
Batting: SHB John Giesbrecht
|
0-0: Ball 1-0: Ball 2-0: SINGLE (Line Drive, 78S, EV 99.4 MPH)
|
Batting: RHB Bert Clark
|
0-0: Ball 1-0: 2-RUN HOME RUN (Flyball, 9D, EV 96.9 MPH), Distance : 367 ft
|
Batting: RHB Casey Semenza
|
0-0: Ball 1-0: Foul Ball, location: 2F 1-1: Called Strike 1-2: TRIPLE (Line Drive, 78XD, EV 106.9 MPH)
|
Batting: SHB Vince Ealy
|
0-0: Called Strike 0-1: Called Strike Steal of home, Casey Semenza is safe 0-2: Ball 1-2: Ground out 4-3 (Groundball, 34, EV 100.0 MPH)
|
Bottom of the 5th over - 3 runs, 3 hits, 0 errors, 0 left on base; Kansas City 1 - Texas 5 |
TOP OF THE 6TH |
Kansas City Royals batting - Pitching for Texas Rangers : RHP Lu-shan Zhào
|
Batting: RHB Mike Jaquez
|
0-0: Foul Ball, location: 2F 0-1: Ground out 5-3 (Groundball, 56, EV 86.9 MPH)
|
Batting: RHB Imbart Faber
|
0-0: Called Strike 0-1: Ball 1-1: Foul Ball, location: 2F 1-2: Fly out, F4 (Popup, 4D, EV 46.9 MPH)
|
Batting: LHB Manny Estrada
|
0-0: Called Strike 0-1: Ball 1-1: SOLO HOME RUN (Flyball, 78XD, EV 103.8 MPH), Distance : 411 ft
|
Batting: LHB Zion Davidson
|
0-0: Called Strike 0-1: Ball 1-1: Ball 2-1: DOUBLE (Flyball, 8LXD, EV 98.8 MPH)
|
Pitching: RHP Kyle Curve
|
|
Batting: RHB Adriaan Pieters
|
0-0: Ball 1-0: Called Strike 1-1: Swinging Strike 1-2: Ball 2-2: Ground out 2-3 (Groundball, 15S, EV 63.1 MPH)
|
Top of the 6th over - 1 run, 2 hits, 0 errors, 1 left on base; Kansas City 2 - Texas 5 |
BOTTOM OF THE 6TH |
Texas Rangers batting - Pitching for Kansas City Royals : LHP John Hall
|
Pitching: RHP Luis Mejia
|
|
Batting: LHB Cody Schumacher
|
0-0: Ball 1-0: Ball 2-0: Ball 3-0: Base on Balls
|
Batting: LHB Johan de Vries
|
0-0: Ball 1-0: Called Strike 1-1: Ball 2-1: Foul Ball, location: 2F 2-2: Hit by Pitch Cody Schumacher to second
|
Batting: RHB Zhao-ji Chi
|
0-0: Called Strike 0-1: Swinging Strike 0-2: Foul Ball, location: 2F 0-2: Ball 1-2: Strikes out swinging
|
Batting: RHB Alex Sandoval
|
0-0: Ball 1-0: Called Strike Cody Schumacher steals 3rd base (no throw) Johan de Vries to second 1-1: Fly out, F9 (Flyball, 9S, EV 81.2 MPH)
|
Batting: RHB David Casas
|
0-0: Called Strike 0-1: Swinging Strike 0-2: Strikes out looking
|
Bottom of the 6th over - 0 runs, 0 hits, 0 errors, 2 left on base; Kansas City 2 - Texas 5 |
TOP OF THE 7TH |
Kansas City Royals batting - Pitching for Texas Rangers : RHP Kyle Curve
|
Now in LF: Zhao-ji Chi
|
|
Now in RF: Rich Stinson
|
|
Batting: RHB Aaron Matthews
|
0-0: Ball 1-0: Swinging Strike 1-1: Called Strike 1-2: Ball 2-2: Ball 3-2: Strikes out swinging
|
Batting: RHB Emilio Gallegos
|
0-0: Called Strike 0-1: Ball 1-1: Foul Ball, location: 2F 1-2: Strikes out swinging
|
Batting: RHB Avery Maxwell
|
0-0: Ball 1-0: Called Strike 1-1: Ball 2-1: Foul Ball, location: 2F 2-2: Ball 3-2: Ground out 5-3 (Groundball, 56, EV 83.1 MPH)
|
Top of the 7th over - 0 runs, 0 hits, 0 errors, 0 left on base; Kansas City 2 - Texas 5 |
BOTTOM OF THE 7TH |
Texas Rangers batting - Pitching for Kansas City Royals : RHP Luis Mejia
|
Batting: SHB John Giesbrecht
|
0-0: Foul Ball, location: 2F 0-1: Foul Ball, location: 2F 0-2: Ground out 6-3 (Groundball, 6M, EV 77.5 MPH)
|
Batting: RHB Bert Clark
|
0-0: Ball 1-0: Called Strike 1-1: SINGLE (Groundball, 4D, EV 108.1 MPH)
|
Batting: RHB Rich Stinson
|
0-0: Ball 1-0: Grounds into double play, 5-4-3 (Groundball, 56S, EV 78.8 MPH)
|
Bottom of the 7th over - 0 runs, 1 hit, 0 errors, 0 left on base; Kansas City 2 - Texas 5 |
TOP OF THE 8TH |
Kansas City Royals batting - Pitching for Texas Rangers : RHP Kyle Curve
|
Pitching: RHP Brad Kramer
|
|
Pinch Hitting: SHB Gareth Busby
|
0-0: Ball 1-0: Ball 2-0: Called Strike 2-1: Foul Ball, location: 2F 2-2: Ground out 5-3 (Groundball, 5S, EV 65.6 MPH)
|
Batting: SHB Tony Prado
|
0-0: Called Strike 0-1: Fly out, F8 (Flyball, 8LM, EV 91.9 MPH)
|
Batting: RHB Imbart Faber
|
0-0: Foul Ball, location: 2F 0-1: Ground out 4-3 (Groundball, 4, EV 86.9 MPH)
|
Top of the 8th over - 0 runs, 0 hits, 0 errors, 0 left on base; Kansas City 2 - Texas 5 |
BOTTOM OF THE 8TH |
Texas Rangers batting - Pitching for Kansas City Royals : RHP Luis Mejia
|
Now at 3B: Gareth Busby
|
|
Batting: SHB Vince Ealy
|
0-0: Foul Ball, location: 2F 0-1: Foul Ball, location: 2F 0-2: Ball 1-2: Ball 2-2: Ball 3-2: Base on Balls
|
Batting: LHB Cody Schumacher
|
0-0: Ball Vince Ealy is caught stealing 2nd base 2-6 1-0: Ground out 4-3 (Groundball, 4, EV 79.4 MPH)
|
Batting: LHB Johan de Vries
|
0-0: Ground out 1-3 (Groundball, 25, EV 68.8 MPH)
|
Bottom of the 8th over - 0 runs, 0 hits, 0 errors, 0 left on base; Kansas City 2 - Texas 5 |
TOP OF THE 9TH |
Kansas City Royals batting - Pitching for Texas Rangers : RHP Brad Kramer
|
Batting: LHB Manny Estrada
|
0-0: Called Strike 0-1: Ball 1-1: Ball 2-1: Ball 3-1: Foul Ball, location: 2F 3-2: Strikes out swinging
|
Batting: LHB Zion Davidson
|
0-0: Ball 1-0: Foul Ball, location: 2F 1-1: Swinging Strike 1-2: Ball 2-2: Ball 3-2: Foul Ball, location: 2F 3-2: Strikes out swinging
|
Batting: RHB Adriaan Pieters
|
0-0: Called Strike 0-1: Foul Ball, location: 2F 0-2: Ball 1-2: Strikes out swinging
|
Top of the 9th over - 0 runs, 0 hits, 0 errors, 0 left on base; Kansas City 2 - Texas 5 |
|